 Dungeon Crawl Stone Soup version 0.30.1-9-gdf580d7c3d (webtiles) character file.

Game seed: 3205191750568062259

69 lonewolfV2 the Trooper (level 4, -1/37 HPs)
             Began as a Demonspawn Fighter on Oct 23, 2023.
             Slain by an orc
             ... wielding a +2 heavy flail
              (10 damage)
             ... on level 3 of the Dungeon.
             The game lasted 00:01:35 (1950 turns).

lonewolfV2 the Trooper (Demonspawn Fighter)         Turns: 1950, Time: 00:01:35

Health: -1/37      AC:  6    Str: 18    XL:     4   Next: 2%
Magic:  4/4        EV:  9    Int:  9    God:
Gold:   34         SH:  4    Dex: 13    Spells: 3/3 levels left

rFire   . . .        a - +0 war axe (heavy)
rCold   . . .        c - +0 buckler
rNeg    . . .        b - +0 scale mail
rPois   .            (no helmet)
rElec   .            (no cloak)
rCorr   .            (no gloves)
SInv    .            (no boots)
Will    .....        (no amulet) Stlth
                     (no ring)
HPRegen 0.26/turn    (no ring)
MPRegen 0.09/turn

%: no passive effects
@: lethally poisoned (-1 -> -7)
A: powered by death 1, demonic touch 1
a: no special abilities


You were on level 3 of the Dungeon.
You visited 1 branch of the dungeon, and saw 3 of its levels.

You collected 34 gold pieces.

Inventory:

Hand Weapons
 a - a +0 heavy war axe (weapon)
Armour
 b - a +0 scale mail (worn)
 c - a +0 buckler (worn)
Scrolls
 h - a scroll of identify
 k - a scroll of fog
Potions
 d - 2 potions of might
 e - a potion of lignification


   Skills:
 + Level 4.0 Fighting
 + Level 3.0 Axes
 - Level 2.6 Armour
 - Level 2.6 Shields


You had 3 spell levels left.
You didn't know any spells.
Your spell library contained the following spells:

 Spells                   Type           Power      Damage    Failure   Level
 Apportation              Tloc           0%         N/A       86%         1
 Necrotise                Necr           0%         1d4       86%         1
 Summon Small Mammal      Summ           0%         N/A       86%         1


Dungeon Overview and Level Annotations

Branches:
Dungeon (3/15)

Altars:


Innate Abilities, Weirdness & Mutations

You regenerate a little health from kills.
Your touch may inflict minor irresistible damage on your foes.


Message History

As you read the scroll labelled TOEDDA IGOT, it crumbles to dust.
It was a scroll of poison.
You start waiting.
You feel your willpower return.
Done exploring.
Done exploring.
Done exploring.
There is a stone staircase leading down here.
Okay, then.
You climb downwards.
There is a stone staircase leading up here.
Found a robe.
You open the door.
Jessica the Apprentice Sorceress comes into view.
She is wielding a +0 dagger of venom.
Jessica shouts!
You hear a shout!
An orc comes into view. It is wielding a +2 heavy flail.
There is an open door here.
You barely miss Jessica.
Jessica grins evilly.
You block Jessica's attack. Jessica completely misses you.
You closely miss Jessica. Jessica hits you but does no damage.
You are poisoned.
Jessica hits you but does no damage.
You are more poisoned.
You slice Jessica!!
You kill Jessica!
You barely miss the orc.
You feel extremely sick. You block the orc's attack.
Your Fighting skill increases to level 4!
Your Axes skill increases to level 3!
You have reached level 4!
You feel agile.
Your demonic ancestry asserts itself...
A wave of death washes over you.
You barely miss the orc.
You feel very sick. The orc hits you with a +2 heavy flail!
* * * LOW HITPOINT WARNING * * *
The orc hits you with a +2 heavy flail!
You die...

.......#...##.....#.#
###.....####.###.#.#
###.....+<.......#.#
#.......#.#.#..###.#
####.###.....#.#......##
.......#.#####.#.......#
.......#.#.....#######.#
......o#.#.##### #.#
......)@...#.# #####.#
.......##.##.# #.....#
....... #....#####.#####
....... #..........#
....... #.#.########
....... #.#.# .......
#.#.# ....... #...#
#####


You could see an orc.

Vanquished Creatures
  Jessica (D:3)
  2 adders (D:2)
  A worm (D:2)
  4 ball pythons
  2 endoplasms (D:1)
  A goblin (D:1)
  3 hobgoblins
  2 jackals (D:1)
  2 quokkas
  2 frilled lizards (D:2)
  2 rats (D:2)
22 creatures vanquished.

Notes
Turn   | Place    | Note
-------+----------+-------------------------------------------
     0 | D:1      | lonewolfV2 the Demonspawn Fighter began the quest for the
                  | Orb.
     0 | D:1      | Reached XP level 1. HP: 18/18 MP: 1/1
   465 | D:1      | Gained mutation: Your touch may inflict minor irresistible
                  | damage on your foes. [demonic ancestry]
   465 | D:1      | Reached XP level 2. HP: 22/24 MP: 2/2
   983 | D:2      | Reached XP level 3. HP: 17/30 MP: 3/3
  1945 | D:3      | Noticed Jessica
  1949 | D:3      | Killed Jessica
  1950 | D:3      | Reached skill level 4 in Fighting
  1950 | D:3      | Gained mutation: You regenerate a little health from kills.
                  | [demonic ancestry]
  1950 | D:3      | Reached XP level 4. HP: 27/37 MP: 4/4
  1950 | D:3      | Slain by an orc

Illustrated notes

Levels and vault maps discovered:
D:1:      lightli_arrival_lavapool, layout_basic, eino_curves_04,
          chequers_serial_rivers_large_b, minmay_misc_feat_five
D:2:      layout_basic
D:3:      layout_basic, gammafunk_temple_overflow_forgotten,
          hangedman_decor_lopped, uniq_pargi, uniq_jessica

Skill      XL: |  1  2  3 |
---------------+----------+-----
Axes           | 2 3 |  3.0
Fighting       | 4 |  4.0
Armour         | |  2.6
Shields        | |  2.6

Action                     |  1- 3 |  4- 6 || total
---------------------------+-------+-------++-------
  Melee: War axe           |    49 |     1 ||    50
    Use: Scroll            |     9 |       ||     9
 Armour: Scale mail        |    31 |       ||    31
  Dodge: Dodged            |    18 |       ||    18
  Block: Buckler           |    14 |       ||    14
